PL
RICHARDSON CITY THUNDERCATS @ AUSTIN RANGERS
08/15/2028
 
TOP OF THE 1ST
Richardson City Thundercats batting - Pitching for Austin Rangers : RHP Juan Valéncia
Pitching: RHP Juan Valéncia
Batting: RHB Joey Jones 0-0: Foul Ball, location: 2F
0-1: Ball
1-1: Foul Ball, location: 2F
1-2: Fly out, F7 (Flyball, 7)
Batting: RHB IV Seacat 0-0: Swinging Strike
0-1: Swinging Strike
0-2: Foul Ball, location: 2F
0-2: Ball
1-2: Strikes out swinging
Batting: RHB Anselmo Berneu 0-0: Called Strike
0-1: Ball
1-1: SOLO HOME RUN (Flyball, 78XD), Distance : 410 ft
Batting: SHB Mitch Qualtrough 0-0: Fly out, F6 (Popup, 6MD)
Top of the 1st over - 1 run(s), 1 hit(s), 0 error(s), 0 left on base; Richardson City 1 - Austin 0
BOTTOM OF THE 1ST
Austin Rangers batting - Pitching for Richardson City Thundercats : LHP Jesús Gonzáles
Pitching: LHP Jesús Gonzáles
Batting: RHB Miguel Morán 0-0: Ground out 6-3 (Groundball, 6M)
Batting: RHB Matt Sheppard 0-0: Called Strike
0-1: Fly out, F7 (Line Drive, 7LM)
Batting: LHB Count Dante 0-0: Called Strike
0-1: Ball
1-1: Ball
2-1: Fly out, F7 (Flyball, 7LMF)
Bottom of the 1st over - 0 run(s), 0 hit(s), 0 error(s), 0 left on base; Richardson City 1 - Austin 0
TOP OF THE 2ND
Richardson City Thundercats batting - Pitching for Austin Rangers : RHP Juan Valéncia
Batting: LHB Carroll Martin 0-0: Called Strike
0-1: Ball
1-1: Foul Ball, location: 2F
1-2: Ball
2-2: Foul Ball, location: 2F
2-2: Foul Ball, location: 2F
2-2: Ball
3-2: Base on Balls
Batting: LHB Fernando Ramírez 0-0: Ball
Wild Pitch!
Carroll Martin to second
1-0: Called Strike
1-1: Ground out 1-3 (Groundball, 13)
Carroll Martin to third
Batting: RHB Pedro Castillo 0-0: Called Strike
0-1: SINGLE (Groundball, 3D)
Carroll Martin scores
Batting: RHB Tomás Martínez 0-0: Ball
1-0: Ball
2-0: Fly out, F8 (Line Drive, 8LD)
Batting: RHB Louis Gibbons 0-0: Ball
1-0: Ball
2-0: Called Strike
2-1: Called Strike
2-2: Fly out, F9 (Flyball, 89M)
Top of the 2nd over - 1 run(s), 1 hit(s), 0 error(s), 1 left on base; Richardson City 2 - Austin 0
BOTTOM OF THE 2ND
Austin Rangers batting - Pitching for Richardson City Thundercats : LHP Jesús Gonzáles
Batting: LHB Yun Yen 0-0: Called Strike
0-1: Ball
1-1: DOUBLE (Line Drive, 9LS)
Batting: RHB Yoshihito Samurakami 0-0: Called Strike
0-1: Ground out 4-3 (Groundball, 4)
Yun Yen to third
Batting: LHB Jesús Reyes 0-0: Swinging Strike
0-1: Ground out 4-3 (Groundball, 4)
Yun Yen scores
Batting: RHB Tony Hernández 0-0: Swinging Strike
0-1: Called Strike
0-2: Strikes out swinging
Bottom of the 2nd over - 1 run(s), 1 hit(s), 0 error(s), 0 left on base; Richardson City 2 - Austin 1
TOP OF THE 3RD
Richardson City Thundercats batting - Pitching for Austin Rangers : RHP Juan Valéncia
Batting: RHB Joey Jones 0-0: Ball
1-0: Ball
2-0: Foul Ball, location: 2F
2-1: Ball
3-1: Fly out, F9 (Flyball, 9S)
Batting: RHB IV Seacat 0-0: Called Strike
0-1: Ball
1-1: Called Strike
1-2: Ground out 6-3 (Groundball, 6)
Batting: RHB Anselmo Berneu 0-0: Swinging Strike
0-1: Foul Ball, location: 2F
0-2: Ball
1-2: Ground out 4-3 (Groundball, 4M)
Top of the 3rd over - 0 run(s), 0 hit(s), 0 error(s), 0 left on base; Richardson City 2 - Austin 1
BOTTOM OF THE 3RD
Austin Rangers batting - Pitching for Richardson City Thundercats : LHP Jesús Gonzáles
Batting: LHB Héctor Cortéz 0-0: Ball
1-0: Swinging Strike
1-1: Ball
2-1: Called Strike
2-2: Strikes out swinging
Batting: RHB Freddy Torres 0-0: Ball
1-0: Called Strike
1-1: Ball
2-1: Called Strike
2-2: Ball
3-2: Strikes out swinging
Batting: RHB Miguel Morán 0-0: Ball
1-0: Swinging Strike
1-1: Fly out, F9 (Flyball, 89M)
Bottom of the 3rd over - 0 run(s), 0 hit(s), 0 error(s), 0 left on base; Richardson City 2 - Austin 1
TOP OF THE 4TH
Richardson City Thundercats batting - Pitching for Austin Rangers : RHP Juan Valéncia
Batting: SHB Mitch Qualtrough 0-0: Ball
1-0: Ground out 1-3 (Groundball, 13)
Batting: LHB Carroll Martin 0-0: Ball
1-0: Ball
2-0: Called Strike
2-1: SINGLE (Groundball, 34D)
Batting: LHB Fernando Ramírez 0-0: Ball
Carroll Martin is caught stealing 2nd base
1-0: Fly out, F8 (Flyball, 78XD)
Top of the 4th over - 0 run(s), 1 hit(s), 0 error(s), 0 left on base; Richardson City 2 - Austin 1
BOTTOM OF THE 4TH
Austin Rangers batting - Pitching for Richardson City Thundercats : LHP Jesús Gonzáles
Batting: RHB Matt Sheppard 0-0: Foul Ball, location: 2F
0-1: Called Strike
0-2: Strikes out looking
Batting: LHB Count Dante 0-0: Swinging Strike
0-1: Foul Ball, location: 2F
0-2: Foul Ball, location: 2F
0-2: Foul Ball, location: 2F
0-2: Foul Ball, location: 2F
0-2: Fly out, F9 (Flyball, 9)
Batting: LHB Yun Yen 0-0: Ground out 4-3 (Groundball, 4M)
Bottom of the 4th over - 0 run(s), 0 hit(s), 0 error(s), 0 left on base; Richardson City 2 - Austin 1
TOP OF THE 5TH
Richardson City Thundercats batting - Pitching for Austin Rangers : LHP Shawn Arnold
Pitching: LHP Shawn Arnold
Batting: RHB Pedro Castillo 0-0: Called Strike
0-1: Ball
1-1: Foul Ball, location: 2F
1-2: Ball
2-2: Ball
3-2: Foul Ball, location: 2F
3-2: Fly out, F6 (Line Drive, 6)
Batting: RHB Tomás Martínez 0-0: Swinging Strike
0-1: Swinging Strike
0-2: Foul Ball, location: 2F
0-2: Strikes out swinging
Batting: RHB Louis Gibbons 0-0: Called Strike
0-1: Called Strike
0-2: Ball
1-2: Foul Ball, location: 2F
1-2: Strikes out swinging
Top of the 5th over - 0 run(s), 0 hit(s), 0 error(s), 0 left on base; Richardson City 2 - Austin 1
BOTTOM OF THE 5TH
Austin Rangers batting - Pitching for Richardson City Thundercats : LHP Jesús Gonzáles
Batting: RHB Yoshihito Samurakami 0-0: Called Strike
0-1: Fly out, F9 (Flyball, 9LS)
Batting: LHB Jesús Reyes 0-0: Called Strike
0-1: Fly out, F8 (Flyball, 8RM)
Batting: RHB Tony Hernández 0-0: Called Strike
0-1: Ball
1-1: Ball
2-1: Foul Ball, location: 2F
2-2: Foul Ball, location: 2F
2-2: Ball
3-2: Foul Ball, location: 2F
3-2: Strikes out looking
Bottom of the 5th over - 0 run(s), 0 hit(s), 0 error(s), 0 left on base; Richardson City 2 - Austin 1
TOP OF THE 6TH
Richardson City Thundercats batting - Pitching for Austin Rangers : LHP Shawn Arnold
Batting: RHB Joey Jones 0-0: Reached on error, E7 (Flyball, 7D)
Batting: RHB IV Seacat 0-0: Called Strike
0-1: Foul Ball, location: 2F
0-2: Ball
1-2: SINGLE (Groundball, 6MD)
Joey Jones to third
Batting: RHB Anselmo Berneu 0-0: Ball
1-0: Foul Ball, location: 2F
1-1: Ball
2-1: Ball
3-1: Foul Ball, location: 2F
3-2: Strikes out looking
Batting: SHB Mitch Qualtrough 0-0: Called Strike
0-1: Ball
1-1: Foul Ball, location: 2F
1-2: Fly out, F7 (Flyball, 7)
Batting: LHB Carroll Martin 0-0: Ball
1-0: Called Strike
1-1: Ball
2-1: Ground out 4-3 (Groundball, 34)
Top of the 6th over - 0 run(s), 1 hit(s), 1 error(s), 2 left on base; Richardson City 2 - Austin 1
BOTTOM OF THE 6TH
Austin Rangers batting - Pitching for Richardson City Thundercats : LHP Jesús Gonzáles
Batting: LHB Héctor Cortéz 0-0: Ground out 3-1 (Groundball, 34)
Batting: RHB Freddy Torres 0-0: Called Strike
0-1: Ball
1-1: Ball
2-1: Ball
3-1: Base on Balls
Batting: RHB Miguel Morán 0-0: Ball
Freddy Torres is caught stealing 2nd base
1-0: Fly out, F7 (Flyball, 78M)
Bottom of the 6th over - 0 run(s), 0 hit(s), 0 error(s), 0 left on base; Richardson City 2 - Austin 1
TOP OF THE 7TH
Richardson City Thundercats batting - Pitching for Austin Rangers : LHP Shawn Arnold
Batting: LHB Fernando Ramírez 0-0: Ball
1-0: Called Strike
1-1: SINGLE (Line Drive, 34D)
Batting: RHB Pedro Castillo 0-0: Fielders Choice at 2nd, 4-6 (Groundball, 4)
Batting: RHB Tomás Martínez 0-0: Called Strike
0-1: Fly out, F8 (Flyball, 8LM)
Batting: RHB Louis Gibbons 0-0: Called Strike
0-1: Ball
1-1: Ball
Throwing error on steal attempt, E2
Pedro Castillo to third
2-1: Called Strike
2-2: Ball
3-2: Foul Ball, location: 2F
3-2: Fly out, F8 (Flyball, 89M)
Top of the 7th over - 0 run(s), 1 hit(s), 1 error(s), 1 left on base; Richardson City 2 - Austin 1
BOTTOM OF THE 7TH
Austin Rangers batting - Pitching for Richardson City Thundercats : LHP Jesús Gonzáles
Batting: RHB Matt Sheppard 0-0: Ball
1-0: Ball
2-0: Called Strike
2-1: Ground out 1-3 (Groundball, 13S)
Batting: LHB Count Dante 0-0: Fly out, F8 (Flyball, 8LM)
Batting: LHB Yun Yen 0-0: Swinging Strike
0-1: Ball
1-1: Swinging Strike
1-2: Ball
2-2: Foul Ball, location: 2F
2-2: Strikes out swinging
Bottom of the 7th over - 0 run(s), 0 hit(s), 0 error(s), 0 left on base; Richardson City 2 - Austin 1
TOP OF THE 8TH
Richardson City Thundercats batting - Pitching for Austin Rangers : LHP Shawn Arnold
Batting: RHB Joey Jones 0-0: Swinging Strike
0-1: Swinging Strike
0-2: Ball
1-2: Foul Ball, location: 2F
1-2: Ball
2-2: Ball
3-2: DOUBLE (Flyball, 8LXD)
Pitching: RHP Gavin Blackburn
Pinch Runner at 2nd Diego Bonilla:
Batting: RHB IV Seacat 0-0: Ball
1-0: Ball
2-0: Ground out 5-3 (Groundball, 25)
Diego Bonilla to third
Batting: RHB Anselmo Berneu 0-0: Intentional Walk
Batting: SHB Mitch Qualtrough 0-0: Called Strike
0-1: TRIPLE (Line Drive, 9LM)
Diego Bonilla scores
Anselmo Berneu scores
Batting: LHB Carroll Martin 0-0: Swinging Strike
0-1: Ball
1-1: Called Strike
1-2: Strikes out looking
Batting: LHB Fernando Ramírez 0-0: Swinging Strike
0-1: SINGLE (Line Drive, 3D)
Mitch Qualtrough scores
Pitching: LHP Alfonso Zapata
Batting: RHB Pedro Castillo 0-0: Foul Ball, location: 2F
0-1: Ball
1-1: Called Strike
1-2: Strikes out swinging
Top of the 8th over - 3 run(s), 3 hit(s), 0 error(s), 1 left on base; Richardson City 5 - Austin 1
BOTTOM OF THE 8TH
Austin Rangers batting - Pitching for Richardson City Thundercats : LHP Jesús Gonzáles
Now in CF: Diego Bonilla
Batting: RHB Yoshihito Samurakami 0-0: Called Strike
0-1: Foul Ball, location: 2F
0-2: Ball
1-2: Strikes out swinging
Batting: LHB Jesús Reyes 0-0: Called Strike
0-1: Called Strike
0-2: Foul Ball, location: 2F
0-2: Ball
1-2: Ball
2-2: Strikes out looking
Batting: RHB Tony Hernández 0-0: Ball
1-0: Fly out, F9 (Flyball, 9)
Bottom of the 8th over - 0 run(s), 0 hit(s), 0 error(s), 0 left on base; Richardson City 5 - Austin 1
TOP OF THE 9TH
Richardson City Thundercats batting - Pitching for Austin Rangers : LHP Alfonso Zapata
Pitching: RHP Júlio Rodríguez
Batting: RHB Tomás Martínez 0-0: Ball
1-0: Ball
2-0: Called Strike
2-1: Swinging Strike
2-2: Ball
3-2: Strikes out swinging
Batting: RHB Louis Gibbons 0-0: Ball
1-0: Called Strike
1-1: Called Strike
1-2: Foul Ball, location: 2F
1-2: Strikes out swinging
Batting: RHB Diego Bonilla 0-0: Ball
1-0: Foul Ball, location: 2F
1-1: Ball
2-1: Ground out 4-3 (Groundball, 4MS)
Top of the 9th over - 0 run(s), 0 hit(s), 0 error(s), 0 left on base; Richardson City 5 - Austin 1
BOTTOM OF THE 9TH
Austin Rangers batting - Pitching for Richardson City Thundercats : LHP Jesús Gonzáles
Batting: LHB Héctor Cortéz 0-0: Foul Ball, location: 2F
0-1: Ball
1-1: Called Strike
1-2: Fly out, F8 (Flyball, 8RM)
Batting: RHB Freddy Torres 0-0: Ball
1-0: Ball
2-0: Ball
3-0: Called Strike
3-1: Foul Ball, location: 2F
3-2: Strikes out looking
Batting: RHB Miguel Morán 0-0: Ball
1-0: Ball
2-0: Called Strike
2-1: Foul Ball, location: 2F
2-2: Ground out 4-3 (Groundball, 4S)
Bottom of the 9th over - 0 run(s), 0 hit(s), 0 error(s), 0 left on base; Richardson City 5 - Austin 1
Friday, August 25th, 2017 - OOTP Baseball 17.12 Build 75